Canucks vs Sharks (R1)

Created - 12 décembre 2012 at 22:33

Goals
1 2 3 OT1 SO T
Canucks 1 2 0 0 2 4
Sharks 1 1 1 0 0 3
Shots
1 2 3 OT1 SO T
Canucks 8 10 4 1 3 23
Sharks 7 8 12 1 2 28

1st period

1. Sharks , Daniel Sedin 6 (Henrik Sedin) at 6:31
2. Canucks , Jiri Hudler 7 (Keith Tkachuk, Mark Streit) at 16:07

Penalties :
Mike Fisher (SJS) for Holding (Minor) at 3:25, Robert Klinkhammer (Van) for Interference (Minor) at 3:25, Mike Fisher (SJS) for Slashing (Minor) at 7:18, Jonas Hoglund (Van) for Kneeing (Major) at 7:18, Andrei Markov (SJS) for Boarding (Minor) at 16:47

2nd period

3. Canucks , Fabian Brunnstrom 9 (Derian Hatcher, Mark Streit) at 0:44
4. Sharks , Henrik Sedin 10 (Daniel Sedin, Andrei Markov) at 4:06 (PP)
5. Canucks , Jeremy Williams 1 (Daniel Paille, Erik Christensen) at 9:35 (PP)

Penalties :
Daniel Paille (Van) for Holding (Minor) at 3:49, Ryan Malone (SJS) for Hooking (Minor) at 7:54, Dan Girardi (SJS) for Tripping (Minor) at 13:41, Fabian Brunnstrom (Van) for Slashing (Minor) at 13:41, Scott Niedermayer (Van) for Roughing (Minor) at 16:45

3rd period

6. Sharks , Mike Fisher 5 (Radim Vrbata, Joni Pitkanen) at 15:13

Penalties :
Daniel Sedin (SJS) for Roughing (Minor) at 1:33, Andrei Markov (SJS) for Hooking (Minor) at 8:46, Milan Hejduk (SJS) for Interference (Minor) at 17:57

Overtime #1

No Goal

Penalties :
Henrik Sedin (SJS) for Holding (Minor) at 0:09, Derian Hatcher (Van) for Hooking (Minor) at 2:49

Shootout

Penalty Shot by Jonas Hoglund for Canucks - Goal!
Penalty Shot by Henrik Sedin for Sharks - Stopped by Carey Price
Penalty Shot by Keith Tkachuk for Canucks - Stopped by Pascal Leclaire
Penalty Shot by Daniel Sedin for Sharks - Stopped by Carey Price
Penalty Shot by Matt Stajan for Canucks - Goal!

Penalties :
No Penalty

Goalie Stats

Carey Price (Van), 25 saves from 28 shots - (0,893), W, 7-3-2, 65:00 minutes
Pascal Leclaire (SJS), 20 saves from 23 shots - (0,870), OTL, 5-3-1, 65:00 minutes

Players Stats for Canucks

Player Name              G  A  P  +/- PIM S  H  SB GA TA FO     MP     PP MP  PK MP  
------------------------------------------------------------------------------------
Craig Rivet              0  0  0  -1  0   0  2  0  0  0  0/0    13:45   1:32   1:11 
Daniel Paille            0  1  1  -1  2   0  2  1  1  0  1/1    11:25   0:35   1:25 
David Jones              0  0  0   1  0   0  1  0  1  0  1/1    14:07   4:28   0:00 
Derian Hatcher           0  1  1   1  2   3  2  3  1  2  0/0    27:38   3:32   1:53 
Erik Christensen         0  1  1  -1  0   0  1  0  0  0  5/9    13:19   0:35   2:39 
Fabian Brunnstrom        1  0  1   0  2   2  4  0  1  0  0/1    22:29   4:11   0:47 
Jeff Woywitka            0  0  0   0  0   0  1  2  0  0  0/0    22:45   5:03   3:24 
Jeremy Williams          1  0  1  -1  0   1  0  0  2  0  0/0     9:48   0:58   0:00 
Jiri Hudler              1  0  1   1  0   5  3  0  0  0  9/16   18:11   4:28   1:35 
Jonas Hoglund            0  0  0   0  5   3  1  2  0  1  4/12   23:29   4:11   2:06 
Keith Tkachuk            0  1  1   1  0   1  2  0  0  0  1/2    16:54   4:28   2:37 
Mark Streit              0  2  2   1  0   4  3  2  1  1  0/0    31:46   4:24   4:11 
Matt Stajan              0  0  0   0  0   1  1  0  0  1  6/18   21:24   4:10   1:22 
Rickard Wallin           0  0  0   0  0   2  2  0  0  0  1/3     9:13   0:23   0:00 
Robert Klinkhammer       0  0  0   0  2   0  0  0  0  0  0/0     6:34   0:00   0:00 
Scott Niedermayer        0  0  0   0  2   1  0  5  1  0  0/0    24:24   4:43   1:03 
Sheldon Keefe            0  0  0   0  0   0  3  0  0  1  0/1     9:33   0:24   0:00 
Taylor Chorney           0  0  0  -1  0   0  0  2  0  0  0/0     9:58   0:00   2:48 

Players Stats for Sharks

Player Name              G  A  P  +/- PIM S  H  SB GA TA FO     MP     PP MP  PK MP  
------------------------------------------------------------------------------------
Adam Mair                0  0  0   0  0   0  2  0  0  0  1/3     8:18   0:03   2:35 
Andrei Markov            0  1  1   0  4   3  0  5  0  0  0/0    28:35   2:38   4:38 
Bates Battaglia          0  0  0   0  0   1  1  0  0  1  3/4    11:04   0:23   4:19 
Brad Ference             0  0  0   0  0   1  0  1  0  0  0/0    12:34   0:35   2:30 
Dan Girardi              0  0  0   0  2   1  1  0  0  2  0/0    22:30   2:03   4:15 
Daniel Sedin             1  1  2   0  2   5  2  0  0  0  0/0    24:55   2:04   3:17 
David Hale               0  0  0   0  0   0  1  1  0  0  0/0    12:14   0:35   0:47 
Georges Laraque          0  0  0   0  0   1  2  2  0  1  0/1    21:00   2:25   1:44 
Henrik Sedin             1  1  2   0  2   5  2  0  3  0  21/32  25:41   2:05   4:16 
Joni Pitkanen            0  1  1   0  0   0  0  1  0  2  0/0    30:37   2:38   6:43 
Mike Fisher              1  0  1   0  4   1  1  0  0  1  4/9    12:29   0:51   0:41 
Mike Johnson             0  0  0   0  0   0  0  0  0  0  0/0     6:06   0:25   0:00 
Mike Komisarek           0  0  0   0  0   1  0  1  1  1  0/0    23:36   2:03   4:19 
Mikko Koivu              0  0  0   0  0   2  2  1  0  0  6/13   11:20   2:17   0:00 
Milan Hejduk             0  0  0   0  2   1  3  0  2  0  0/1    15:50   2:05   1:56 
Radim Vrbata             0  1  1   0  0   4  1  0  0  0  0/0    11:55   0:53   0:00 
Ryan Malone              0  0  0   0  2   1  3  0  0  0  0/0    13:00   2:17   1:34 
Tomas Fleischmann        0  0  0   0  0   1  2  0  0  0  1/1    10:34   0:00   0:51 

3 Stars

1 - Mark Streit (Van)
2 - Jiri Hudler (Van)
3 - Henrik Sedin (SJS)

Power Play

Canucks - 1 on 6 Attempt(s) - 16,67%
Sharks - 1 on 3 Attempt(s) - 33,33%

Penalty Kill

Canucks - 2 on 3 Attempt(s) - 66,67% - Score 0 goal in Penalty Kill
Sharks - 5 on 6 Attempt(s) - 83,33% - Score 0 goal in Penalty Kill

Official

Referees : Kimmerly Greg and Devorski Paul
Linesman : Shane Heyer and Brian Murphy

Game Notes

No Game Note

Finance

Level 1 -- Attendance: 6000 (100,00%) -- Ticket Income 540 000 $
Level 2 -- Attendance: 4951 (99,02%) -- Ticket Income 272 305 $
Level 3 -- Attendance: 1987 (99,35%) -- Ticket Income 59 610 $
Level 4 -- Attendance: 4000 (100,00%) -- Ticket Income 60 000 $
Luxury Box -- Attendance: 978 (97,80%) -- Ticket Income 176 040 $
Game was played at the Hockey Place Center
Total Attendance: 17916 (99,53%)
Total Ticket Income: 1 107 955 $
Total Income: 1 107 955 $

Canucks

5 vs 5 Forward 
   Center                   Left Wing                Right Wing               Time % Phy DF OF 
 1 Matt Stajan              Fabian Brunnstrom        Jonas Hoglund            40     1   2  2  
 2 Jiri Hudler              Keith Tkachuk            David Jones              30     1   2  2  
 3 Erik Christensen         Daniel Paille            Jeremy Williams          20     1   2  2  
 4 Rickard Wallin           Robert Klinkhammer       Sheldon Keefe            10     1   2  2  

5 vs 5 Defense 
   Defense                  Defense                                           Time % Phy DF OF 
 1 Derian Hatcher           Mark Streit                                       40     1   2  2  
 2 Scott Niedermayer        Jeff Woywitka                                     30     1   2  2  
 3 Craig Rivet              Taylor Chorney                                    20     1   2  2  
 4 Scott Niedermayer        Mark Streit                                       10     1   2  2  

PowerPlay Forward 
   Center                   Left Wing                Right Wing               Time % Phy DF OF 
 1 Matt Stajan              Fabian Brunnstrom        Jonas Hoglund            60     1   2  2  
 2 Jiri Hudler              Keith Tkachuk            David Jones              40     1   2  2  

PowerPlay Defense
   Defense                  Defense                                           Time % Phy DF OF 
 1 Scott Niedermayer        Mark Streit                                       60     1   2  2  
 2 Derian Hatcher           Jeff Woywitka                                     40     1   2  2  

Penalty Kill 4 Players Forward 
   Center                   Wing                     Time % Phy DF OF 
 1 Jonas Hoglund            Keith Tkachuk            60     1   2  2  
 2 Matt Stajan              Jiri Hudler              40     1   2  2  

Penalty Kill 4 Players Defense
   Defense                  Defense                  Time % Phy DF OF 
 1 Jeff Woywitka            Mark Streit              60     1   2  2  
 2 Derian Hatcher           Taylor Chorney           40     1   2  2  

Penalty Kill - 3 Players Forward 
   Forward                                           Time % Phy DF OF 
 1 Jonas Hoglund                                     60     1   2  2  
 2 Keith Tkachuk                                     40     1   2  2  

Penalty Kill - 3 Players Defense
   Defense                  Defense                  Time % Phy DF OF 
 1 Scott Niedermayer        Mark Streit              60     1   2  2  
 2 Derian Hatcher           Craig Rivet              40     1   2  2  

4 vs 4 Forward 
   Center                   Wing                     Time % Phy DF OF 
 1 Jonas Hoglund            Fabian Brunnstrom        60     1   2  2  
 2 Matt Stajan              Jiri Hudler              40     1   2  2  

4 vs 4 Defense
   Defense                  Defense                  Time % Phy DF OF 
 1 Derian Hatcher           Mark Streit              60     1   2  2  
 2 Scott Niedermayer        Craig Rivet              40     1   2  2  

Last Minutes Offensive
   Center                   Left Wing                Right Wing               Defense                  Defense                  
   Matt Stajan              Keith Tkachuk            Jonas Hoglund            Scott Niedermayer        Mark Streit              

Last Minutes Defensive
   Center                   Left Wing                Right Wing               Defense                  Defense                  
   Matt Stajan              Keith Tkachuk            Jonas Hoglund            Scott Niedermayer        Mark Streit              

Goaltenders
Starting : Carey Price              
Backup : Mike McKenna             

Extra Forwards
Normal : Sheldon Keefe, Rickard Wallin, Erik Christensen - PP : Sheldon Keefe, Rickard Wallin - PK : Erik Christensen
Extra Defensemen
Normal : Jeff Woywitka, Taylor Chorney, Derian Hatcher - PP : Jeff Woywitka - PK : Taylor Chorney, Derian Hatcher
Penalty Shots
Jonas Hoglund, Keith Tkachuk, Matt Stajan, Jiri Hudler, David Jones

Sharks

5 vs 5 Forward 
   Center                   Left Wing                Right Wing               Time % Phy DF OF 
 1 Henrik Sedin             Daniel Sedin             Georges Laraque          40     1   2  2  
 2 Mikko Koivu              Ryan Malone              Milan Hejduk             30     1   2  2  
 3 Mike Fisher              Tomas Fleischmann        Radim Vrbata             20     1   2  2  
 4 Adam Mair                Bates Battaglia          Mike Johnson             10     1   2  2  

5 vs 5 Defense 
   Defense                  Defense                                           Time % Phy DF OF 
 1 Joni Pitkanen            Andrei Markov                                     40     1   2  2  
 2 Mike Komisarek           Dan Girardi                                       30     1   2  2  
 3 David Hale               Brad Ference                                      20     1   2  2  
 4 Joni Pitkanen            Andrei Markov                                     10     1   2  2  

PowerPlay Forward 
   Center                   Left Wing                Right Wing               Time % Phy DF OF 
 1 Henrik Sedin             Daniel Sedin             Georges Laraque          60     1   2  2  
 2 Mikko Koivu              Ryan Malone              Milan Hejduk             40     1   2  2  

PowerPlay Defense
   Defense                  Defense                                           Time % Phy DF OF 
 1 Joni Pitkanen            Andrei Markov                                     60     1   2  2  
 2 Mike Komisarek           Dan Girardi                                       40     1   2  2  

Penalty Kill 4 Players Forward 
   Center                   Wing                     Time % Phy DF OF 
 1 Henrik Sedin             Daniel Sedin             60     1   2  2  
 2 Georges Laraque          Milan Hejduk             40     1   2  2  

Penalty Kill 4 Players Defense
   Defense                  Defense                  Time % Phy DF OF 
 1 Joni Pitkanen            Andrei Markov            60     1   2  2  
 2 Mike Komisarek           Dan Girardi              40     1   2  2  

Penalty Kill - 3 Players Forward 
   Forward                                           Time % Phy DF OF 
 1 Henrik Sedin                                      60     1   2  2  
 2 Daniel Sedin                                      40     1   2  2  

Penalty Kill - 3 Players Defense
   Defense                  Defense                  Time % Phy DF OF 
 1 Joni Pitkanen            Andrei Markov            60     1   2  2  
 2 Mike Komisarek           Dan Girardi              40     1   2  2  

4 vs 4 Forward 
   Center                   Wing                     Time % Phy DF OF 
 1 Henrik Sedin             Daniel Sedin             60     1   2  2  
 2 Georges Laraque          Milan Hejduk             40     1   2  2  

4 vs 4 Defense
   Defense                  Defense                  Time % Phy DF OF 
 1 Joni Pitkanen            Andrei Markov            60     1   2  2  
 2 Mike Komisarek           Dan Girardi              40     1   2  2  

Last Minutes Offensive
   Center                   Left Wing                Right Wing               Defense                  Defense                  
   Henrik Sedin             Daniel Sedin             Georges Laraque          Joni Pitkanen            Andrei Markov            

Last Minutes Defensive
   Center                   Left Wing                Right Wing               Defense                  Defense                  
   Henrik Sedin             Daniel Sedin             Georges Laraque          Joni Pitkanen            Andrei Markov            

Goaltenders
Starting : Pascal Leclaire          
Backup : Martin Biron             

Extra Forwards
Normal : Mike Fisher, Radim Vrbata, Bates Battaglia - PP : Mike Fisher, Radim Vrbata - PK : Bates Battaglia
Extra Defensemen
Normal : David Hale, Brad Ference, Mike Komisarek - PP : David Hale - PK : Brad Ference, Mike Komisarek
Penalty Shots
Henrik Sedin, Daniel Sedin, Georges Laraque, Milan Hejduk, Mikko Koivu

% Time on Ice - Canucks

Lines # - Real PCT - Wanted PCT - Time Play
Normal Forward
1 - 36% - 40% - 14:08
2 - 25% - 30% - 9:39
3 - 23% - 20% - 8:50
4 - 17% - 10% - 6:33
Normal Defense
1 - 46% - 40% - 18:03
2 - 31% - 30% - 12:08
3 - 18% - 20% - 7:10
4 - 5% - 10% - 1:49
PP Forward
1 - 44% - 60% - 4:14
2 - 56% - 40% - 5:23
PP Defense
1 - 63% - 60% - 6:05
2 - 37% - 40% - 3:32
PK Forward
1 - 89% - 60% - 4:42
2 - 11% - 40% - 0:34
PK Defense
1 - 64% - 60% - 3:23
2 - 36% - 40% - 1:53
PK3 Forward
1 - 88% - 60% - 1:45
2 - 12% - 40% - 0:14
PK3 Defense
1 - 53% - 60% - 1:03
2 - 47% - 40% - 0:56
44 Forward
1 - 74% - 60% - 6:37
2 - 26% - 40% - 2:21
44 Defense
1 - 55% - 60% - 4:57
2 - 45% - 40% - 4:01
Last Minute Offensive  - 0:00
Last Minute Defensive  - 0:00
Total
Forward - 65:00
Defense - 65:00

% Time on Ice - Sharks

Lines # - Real PCT - Wanted PCT - Time Play
Normal Forward
1 - 38% - 40% - 14:44
2 - 23% - 30% - 9:03
3 - 25% - 20% - 9:43
4 - 14% - 10% - 5:40
Normal Defense
1 - 41% - 40% - 16:14
2 - 34% - 30% - 13:12
3 - 24% - 20% - 9:22
4 - 1% - 10% - 0:22
PP Forward
1 - 55% - 60% - 2:55
2 - 45% - 40% - 2:21
PP Defense
1 - 61% - 60% - 3:13
2 - 39% - 40% - 2:03
PK Forward
1 - 66% - 60% - 6:20
2 - 34% - 40% - 3:17
PK Defense
1 - 67% - 60% - 6:28
2 - 33% - 40% - 3:09
PK3 Forward
1 - 100% - 60% - 1:59
2 - 0% - 40% - 0:00
PK3 Defense
1 - 52% - 60% - 1:02
2 - 48% - 40% - 0:57
44 Forward
1 - 70% - 60% - 6:14
2 - 30% - 40% - 2:44
44 Defense
1 - 59% - 60% - 5:19
2 - 41% - 40% - 3:39
Last Minute Offensive  - 0:00
Last Minute Defensive  - 0:00
Total
Forward - 65:00
Defense - 65:00

Play by Play

1st period


0:01 of 1st period - Henrik Sedin wins face-off versus Jonas Hoglund in neutral zone.
0:26 of 1st period - Milan Hejduk is hit by Derian Hatcher and loses puck.
0:37 of 1st period - Snap shot by Jiri Hudler.
0:37 of 1st period - Shot Misses the Net.
1:13 of 1st period - Taylor Chorney is hit by Adam Mair and loses puck.
1:22 of 1st period - Slapshot by Adam Mair.
1:22 of 1st period - Shot Blocked by Taylor Chorney.
1:40 of 1st period - Slapshot by Jonas Hoglund.
1:40 of 1st period - Stopped by Pascal Leclaire without a rebound.
1:41 of 1st period - Henrik Sedin wins face-off versus Rickard Wallin in Sharks zone.
2:02 of 1st period - Snap shot by Derian Hatcher.
2:02 of 1st period - Deflect By Sheldon Keefe.
2:02 of 1st period - Deflect By Milan Hejduk.
2:02 of 1st period - Shot Blocked by Mikko Koivu.
2:02 of 1st period - Puck is out of play.
2:03 of 1st period - Jiri Hudler wins face-off versus Mikko Koivu in Sharks zone.
2:15 of 1st period - Brad Ference is hit by Mark Streit and loses puck.
2:30 of 1st period - David Hale is hit by Fabian Brunnstrom and loses puck.
2:39 of 1st period - Mark Streit is hit by Georges Laraque and loses puck.
2:54 of 1st period - Jeremy Williams is hit by Bates Battaglia and loses puck.
3:12 of 1st period - Icing by Daniel Paille.
3:13 of 1st period - Mike Fisher wins face-off versus Rickard Wallin in Canucks zone.
3:25 of 1st period - Minor Penalty to Mike Fisher for Holding.
3:25 of 1st period - Minor Penalty to Robert Klinkhammer for Interference.
3:26 of 1st period - Jonas Hoglund wins face-off versus Henrik Sedin in Sharks zone.
3:43 of 1st period - Joni Pitkanen is hit by Jonas Hoglund.
4:59 of 1st period - Andrei Markov is hit by Fabian Brunnstrom and loses puck.
5:25 of 1st period - Penalty to Mike Fisher is over, Mike Fisher is back on ice.
5:25 of 1st period - Penalty to Robert Klinkhammer is over, Robert Klinkhammer is back on ice.
5:34 of 1st period - Backhand shot by Radim Vrbata.
5:34 of 1st period - Shot Misses the Net.
5:36 of 1st period - Snap shot by Mike Fisher.
5:36 of 1st period - Shot Blocked by Daniel Paille.
5:38 of 1st period - Snap shot by Mike Fisher.
5:38 of 1st period - Shot Misses the Net.
5:56 of 1st period - Slapshot by Derian Hatcher.
5:56 of 1st period - Stopped by Pascal Leclaire without a rebound.
5:57 of 1st period - Jiri Hudler wins face-off versus Adam Mair in Sharks zone.
6:01 of 1st period - Icing by Mike Komisarek.
6:02 of 1st period - Jiri Hudler wins face-off versus Adam Mair in Sharks zone.
6:31 of 1st period - Wrist shot by Daniel Sedin.
6:31 of 1st period - Goal by Daniel Sedin - Canucks : 0 - Sharks : 1.
6:32 of 1st period - Henrik Sedin wins face-off versus Matt Stajan in neutral zone.
6:45 of 1st period - Slapshot by Scott Niedermayer.
6:45 of 1st period - Shot Misses the Net.
6:57 of 1st period - Snap shot by Radim Vrbata.
6:57 of 1st period - Shot Blocked by Jeff Woywitka.
7:18 of 1st period - Minor Penalty to Mike Fisher for Slashing.
7:18 of 1st period - Major Penalty to Jonas Hoglund for Kneeing.
7:19 of 1st period - Henrik Sedin wins face-off versus Sheldon Keefe in Sharks zone.
7:28 of 1st period - Wrist shot by Henrik Sedin.
7:28 of 1st period - Shot Misses the Net.
7:44 of 1st period - Daniel Sedin is hit by Mark Streit and loses puck.
7:55 of 1st period - Wrist shot by Erik Christensen.
7:55 of 1st period - Shot Misses the Net.
7:57 of 1st period - Slapshot by Craig Rivet.
7:57 of 1st period - Shot Blocked by Georges Laraque.
7:59 of 1st period - Slapshot by Craig Rivet.
7:59 of 1st period - Shot Misses the Net.
8:04 of 1st period - Slapshot by Scott Niedermayer.
8:04 of 1st period - Shot Blocked by Andrei Markov.
8:11 of 1st period - Icing by Andrei Markov.
8:12 of 1st period - Matt Stajan wins face-off versus Georges Laraque in Sharks zone.
8:13 of 1st period - Snap shot by Jiri Hudler.
8:13 of 1st period - Shot Blocked by Joni Pitkanen.
8:57 of 1st period - Fabian Brunnstrom is hit by Henrik Sedin and loses puck.
9:18 of 1st period - Penalty to Mike Fisher is over, Mike Fisher is back on ice.
10:44 of 1st period - Matt Stajan is hit by Milan Hejduk and loses puck.
12:18 of 1st period - Penalty to Jonas Hoglund is over, Jonas Hoglund is back on ice.
12:49 of 1st period - Snap shot by Radim Vrbata.
12:49 of 1st period - Stopped by Carey Price without a rebound.
12:50 of 1st period - Daniel Paille wins face-off versus Mike Fisher in Canucks zone.
13:14 of 1st period - Ryan Malone is hit by Fabian Brunnstrom and loses puck.
13:31 of 1st period - Georges Laraque is hit by Jiri Hudler and loses puck.
13:40 of 1st period - Slapshot by Scott Niedermayer.
13:40 of 1st period - Shot Blocked by Georges Laraque.
13:52 of 1st period - Robert Klinkhammer is hit by Adam Mair and loses puck.
14:13 of 1st period - Snap shot by Derian Hatcher.
14:13 of 1st period - Deflect By Tomas Fleischmann.
14:13 of 1st period - Stopped by Pascal Leclaire without a rebound.
14:14 of 1st period - Mike Fisher wins face-off versus Erik Christensen in Sharks zone.
14:29 of 1st period - Brad Ference is hit by Erik Christensen.
14:56 of 1st period - Wrist shot by Radim Vrbata.
14:56 of 1st period - Shot Misses the Net.
14:58 of 1st period - Slapshot by Brad Ference.
14:58 of 1st period - Stopped by Carey Price with a rebound.
15:00 of 1st period - Wrist shot by Radim Vrbata.
15:00 of 1st period - Stopped by Carey Price without a rebound.
15:01 of 1st period - Matt Stajan wins face-off versus Henrik Sedin in Canucks zone.
15:16 of 1st period - Snap shot by Daniel Sedin.
15:16 of 1st period - Deflect By Henrik Sedin.
15:16 of 1st period - Shot Misses the Net.
15:16 of 1st period - Puck is out of play.
15:17 of 1st period - Jiri Hudler wins face-off versus Mikko Koivu in Canucks zone.
16:03 of 1st period - Snap shot by Mark Streit.
16:03 of 1st period - Stopped by Pascal Leclaire with a rebound.
16:05 of 1st period - Backhand shot by Keith Tkachuk.
16:05 of 1st period - Shot Misses the Net.
16:07 of 1st period - Wrist shot by Jiri Hudler.
16:07 of 1st period - Goal by Jiri Hudler - Canucks : 1 - Sharks : 1.
16:08 of 1st period - Henrik Sedin wins face-off versus Matt Stajan in neutral zone.
16:44 of 1st period - Snap shot by Mikko Koivu.
16:44 of 1st period - Shot Blocked by Derian Hatcher.
16:47 of 1st period - Minor Penalty to Andrei Markov for Boarding.
16:48 of 1st period - Matt Stajan wins face-off versus Henrik Sedin in Sharks zone.
17:18 of 1st period - Off-side.
17:19 of 1st period - David Jones wins face-off versus Henrik Sedin in neutral zone.
18:00 of 1st period - Wrist shot by Keith Tkachuk.
18:00 of 1st period - Stopped by Pascal Leclaire with a rebound.
18:02 of 1st period - Slapshot by Mark Streit.
18:02 of 1st period - Stopped by Pascal Leclaire without a rebound.
18:03 of 1st period - Bates Battaglia wins face-off versus Matt Stajan in Sharks zone.
18:47 of 1st period - Penalty to Andrei Markov is over, Andrei Markov is back on ice.
18:56 of 1st period - Slapshot by Mike Komisarek.
18:56 of 1st period - Stopped by Carey Price without a rebound.
18:57 of 1st period - Erik Christensen wins face-off versus Mike Fisher in Canucks zone.
18:57 of 1st period - Erik Christensen is hit by Tomas Fleischmann.
19:20 of 1st period - Slapshot by Andrei Markov.
19:20 of 1st period - Deflect By Radim Vrbata.
19:20 of 1st period - Shot Misses the Net.
19:20 of 1st period - Puck is out of play.
19:21 of 1st period - Matt Stajan wins face-off versus Henrik Sedin in Canucks zone.
19:21 of 1st period - Matt Stajan is hit by Georges Laraque.
19:33 of 1st period - Snap shot by Jonas Hoglund.
19:33 of 1st period - Stopped by Pascal Leclaire without a rebound.
19:34 of 1st period - Henrik Sedin wins face-off versus Matt Stajan in Sharks zone.
19:45 of 1st period - Snap shot by Henrik Sedin.
19:45 of 1st period - Shot Misses the Net.
19:47 of 1st period - Snap shot by Daniel Sedin.
19:47 of 1st period - Stopped by Carey Price with a rebound.
19:49 of 1st period - Snap shot by Daniel Sedin.
19:49 of 1st period - Stopped by Carey Price without a rebound.
19:50 of 1st period - Jiri Hudler wins face-off versus Mikko Koivu in Canucks zone.
19:57 of 1st period - Snap shot by Jiri Hudler.
19:57 of 1st period - Shot Blocked by Andrei Markov.

2nd period


0:01 of 2nd period - Henrik Sedin wins face-off versus Jonas Hoglund in neutral zone.
0:05 of 2nd period - Off-side.
0:06 of 2nd period - Henrik Sedin wins face-off versus Matt Stajan in neutral zone.
0:40 of 2nd period - Slapshot by Derian Hatcher.
0:40 of 2nd period - Shot Misses the Net.
0:42 of 2nd period - Slapshot by Derian Hatcher.
0:42 of 2nd period - Shot Misses the Net.
0:44 of 2nd period - Slapshot by Fabian Brunnstrom.
0:44 of 2nd period - Goal by Fabian Brunnstrom - Canucks : 2 - Sharks : 1.
0:45 of 2nd period - Keith Tkachuk wins face-off versus Mikko Koivu in neutral zone.
0:52 of 2nd period - Wrist shot by Jiri Hudler.
0:52 of 2nd period - Stopped by Pascal Leclaire without a rebound.
0:53 of 2nd period - Mikko Koivu wins face-off versus Jiri Hudler in Sharks zone.
0:53 of 2nd period - Mikko Koivu is hit by Keith Tkachuk.
1:03 of 2nd period - Wrist shot by Mikko Koivu.
1:03 of 2nd period - Deflect By Ryan Malone.
1:03 of 2nd period - Stopped by Carey Price with a rebound.
1:09 of 2nd period - Snap shot by David Jones.
1:09 of 2nd period - Shot Misses the Net.
1:11 of 2nd period - Snap shot by David Jones.
1:11 of 2nd period - Shot Misses the Net.
1:23 of 2nd period - Wrist shot by Jiri Hudler.
1:23 of 2nd period - Stopped by Pascal Leclaire without a rebound.
1:24 of 2nd period - Matt Stajan wins face-off versus Henrik Sedin in Sharks zone.
2:09 of 2nd period - Milan Hejduk is hit by Sheldon Keefe and loses puck.
2:32 of 2nd period - Slapshot by Mark Streit.
2:32 of 2nd period - Stopped by Pascal Leclaire without a rebound.
2:33 of 2nd period - Adam Mair wins face-off versus Jiri Hudler in Sharks zone.
2:43 of 2nd period - Brad Ference is hit by Jeff Woywitka and loses puck.
2:58 of 2nd period - Fabian Brunnstrom is hit by Daniel Sedin and loses puck.
3:29 of 2nd period - Wrist shot by Sheldon Keefe.
3:29 of 2nd period - Shot Misses the Net.
3:43 of 2nd period - Radim Vrbata is hit by Daniel Paille and loses puck.
3:49 of 2nd period - Minor Penalty to Daniel Paille for Holding.
3:50 of 2nd period - Jonas Hoglund wins face-off versus Henrik Sedin in Canucks zone.
3:50 of 2nd period - Jonas Hoglund is hit by Henrik Sedin.
4:06 of 2nd period - Wrist shot by Henrik Sedin.
4:06 of 2nd period - Goal by Henrik Sedin - Canucks : 2 - Sharks : 2.
4:07 of 2nd period - Henrik Sedin wins face-off versus Matt Stajan in neutral zone.
4:38 of 2nd period - Henrik Sedin is hit by Mark Streit and loses puck.
7:36 of 2nd period - Off-side.
7:37 of 2nd period - Mikko Koivu wins face-off versus Keith Tkachuk in neutral zone.
7:42 of 2nd period - Snap shot by Milan Hejduk.
7:42 of 2nd period - Stopped by Carey Price with a rebound.
7:44 of 2nd period - Snap shot by Ryan Malone.
7:44 of 2nd period - Shot Blocked by Scott Niedermayer.
7:46 of 2nd period - Slapshot by Andrei Markov.
7:46 of 2nd period - Stopped by Carey Price with a rebound.
7:48 of 2nd period - Slapshot by Andrei Markov.
7:48 of 2nd period - Stopped by Carey Price without a rebound.
7:49 of 2nd period - Jiri Hudler wins face-off versus Mikko Koivu in Canucks zone.
7:49 of 2nd period - Jiri Hudler is hit by Ryan Malone.
7:54 of 2nd period - Minor Penalty to Ryan Malone for Hooking.
7:55 of 2nd period - Jiri Hudler wins face-off versus Bates Battaglia in Sharks zone.
8:38 of 2nd period - Bates Battaglia is hit by Craig Rivet and loses puck.
9:35 of 2nd period - Wrist shot by Jeremy Williams.
9:35 of 2nd period - Goal by Jeremy Williams - Canucks : 3 - Sharks : 2.
9:36 of 2nd period - Mikko Koivu wins face-off versus Jiri Hudler in neutral zone.
9:39 of 2nd period - David Jones is hit by Milan Hejduk and loses puck.
10:14 of 2nd period - Taylor Chorney is hit by Mike Fisher and loses puck.
10:33 of 2nd period - Snap shot by Mike Johnson.
10:33 of 2nd period - Deflect By Bates Battaglia.
10:33 of 2nd period - Stopped by Carey Price without a rebound.
10:34 of 2nd period - Jiri Hudler wins face-off versus Mikko Koivu in Canucks zone.
10:41 of 2nd period - Wrist shot by Jiri Hudler.
10:41 of 2nd period - Stopped by Pascal Leclaire with a rebound.
10:43 of 2nd period - Wrist shot by Jiri Hudler.
10:43 of 2nd period - Stopped by Pascal Leclaire with a rebound.
10:45 of 2nd period - Snap shot by David Jones.
10:45 of 2nd period - Shot Misses the Net.
10:47 of 2nd period - Snap shot by Mark Streit.
10:47 of 2nd period - Shot Blocked by David Hale.
10:49 of 2nd period - Slapshot by Derian Hatcher.
10:49 of 2nd period - Stopped by Pascal Leclaire with a rebound.
12:24 of 2nd period - Mike Johnson is hit by Jiri Hudler and loses puck.
12:52 of 2nd period - Slapshot by Milan Hejduk.
12:52 of 2nd period - Shot Blocked by Scott Niedermayer.
13:02 of 2nd period - Fabian Brunnstrom is hit by Radim Vrbata and loses puck.
13:09 of 2nd period - Wrist shot by Jonas Hoglund.
13:09 of 2nd period - Deflect By Radim Vrbata.
13:09 of 2nd period - Stopped by Pascal Leclaire without a rebound.
13:10 of 2nd period - Jiri Hudler wins face-off versus Henrik Sedin in Sharks zone.
13:11 of 2nd period - Wrist shot by David Jones.
13:11 of 2nd period - Shot Misses the Net.
13:21 of 2nd period - Slapshot by Henrik Sedin.
13:21 of 2nd period - Shot Misses the Net.
13:23 of 2nd period - Snap shot by Mike Komisarek.
13:23 of 2nd period - Shot Blocked by Mark Streit.
13:41 of 2nd period - Minor Penalty to Dan Girardi for Tripping.
13:41 of 2nd period - Minor Penalty to Fabian Brunnstrom for Slashing.
13:42 of 2nd period - Jonas Hoglund wins face-off versus Henrik Sedin in neutral zone.
14:23 of 2nd period - Snap shot by Milan Hejduk.
14:23 of 2nd period - Shot Blocked by Scott Niedermayer.
14:57 of 2nd period - Icing by Radim Vrbata.
14:58 of 2nd period - Henrik Sedin wins face-off versus Jonas Hoglund in Sharks zone.
15:39 of 2nd period - Radim Vrbata is hit by Derian Hatcher and loses puck.
15:41 of 2nd period - Penalty to Dan Girardi is over, Dan Girardi is back on ice.
15:41 of 2nd period - Penalty to Fabian Brunnstrom is over, Fabian Brunnstrom is back on ice.
15:48 of 2nd period - Slapshot by Andrei Markov.
15:48 of 2nd period - Stopped by Carey Price with a rebound.
16:00 of 2nd period - Snap shot by Mike Fisher.
16:00 of 2nd period - Deflect By Radim Vrbata.
16:00 of 2nd period - Shot Blocked by Derian Hatcher.
16:00 of 2nd period - Puck is out of play.
16:01 of 2nd period - Mikko Koivu wins face-off versus Jiri Hudler in Canucks zone.
16:06 of 2nd period - Slapshot by Mikko Koivu.
16:06 of 2nd period - Stopped by Carey Price without a rebound.
16:07 of 2nd period - Mikko Koivu wins face-off versus Jiri Hudler in Canucks zone.
16:08 of 2nd period - Wrist shot by Ryan Malone.
16:08 of 2nd period - Shot Misses the Net.
16:22 of 2nd period - Wrist shot by Milan Hejduk.
16:22 of 2nd period - Shot Misses the Net.
16:32 of 2nd period - Snap shot by Radim Vrbata.
16:32 of 2nd period - Shot Hit the Post.
16:45 of 2nd period - Minor Penalty to Scott Niedermayer for Roughing.
16:46 of 2nd period - Henrik Sedin wins face-off versus Jonas Hoglund in Canucks zone.
17:13 of 2nd period - Jonas Hoglund is hit by Mikko Koivu and loses puck.
17:20 of 2nd period - Snap shot by Ryan Malone.
17:20 of 2nd period - Shot Misses the Net.
17:42 of 2nd period - Slapshot by Mark Streit.
17:42 of 2nd period - Stopped by Pascal Leclaire with a rebound.
18:45 of 2nd period - Penalty to Scott Niedermayer is over, Scott Niedermayer is back on ice.
19:08 of 2nd period - Snap shot by Radim Vrbata.
19:08 of 2nd period - Shot Blocked by Jeff Woywitka.

3rd period


0:01 of 3rd period - Henrik Sedin wins face-off versus Jonas Hoglund in neutral zone.
0:03 of 3rd period - Joni Pitkanen is hit by Fabian Brunnstrom.
0:05 of 3rd period - Snap shot by Henrik Sedin.
0:05 of 3rd period - Shot Blocked by Jonas Hoglund.
0:35 of 3rd period - Slapshot by Keith Tkachuk.
0:35 of 3rd period - Shot Blocked by Andrei Markov.
0:46 of 3rd period - Icing by Erik Christensen.
0:47 of 3rd period - Rickard Wallin wins face-off versus Mike Fisher in Canucks zone.
1:02 of 3rd period - Slapshot by Mike Komisarek.
1:02 of 3rd period - Shot Misses the Net.
1:33 of 3rd period - Minor Penalty to Daniel Sedin for Roughing.
1:34 of 3rd period - Henrik Sedin wins face-off versus Matt Stajan in Sharks zone.
1:45 of 3rd period - Henrik Sedin is hit by Matt Stajan.
3:33 of 3rd period - Penalty to Daniel Sedin is over, Daniel Sedin is back on ice.
3:45 of 3rd period - Slapshot by Dan Girardi.
3:45 of 3rd period - Shot Blocked by Taylor Chorney.
3:53 of 3rd period - Tomas Fleischmann is hit by Craig Rivet and loses puck.
4:04 of 3rd period - Henrik Sedin is hit by Rickard Wallin.
4:12 of 3rd period - Backhand shot by Rickard Wallin.
4:12 of 3rd period - Stopped by Pascal Leclaire with a rebound.
6:49 of 3rd period - Joni Pitkanen is hit by Sheldon Keefe and loses puck.
8:06 of 3rd period - Adam Mair is hit by Daniel Paille and loses puck.
8:29 of 3rd period - Mike Fisher is hit by Sheldon Keefe and loses puck.
8:40 of 3rd period - Jonas Hoglund is hit by Ryan Malone and loses puck.
8:46 of 3rd period - Minor Penalty to Andrei Markov for Hooking.
8:47 of 3rd period - Henrik Sedin wins face-off versus Matt Stajan in Sharks zone.
9:02 of 3rd period - Slapshot by Matt Stajan.
9:02 of 3rd period - Shot Blocked by Brad Ference.
9:35 of 3rd period - Wrist shot by Fabian Brunnstrom.
9:35 of 3rd period - Shot Misses the Net.
10:46 of 3rd period - Penalty to Andrei Markov is over, Andrei Markov is back on ice.
11:03 of 3rd period - Snap shot by Mike Fisher.
11:03 of 3rd period - Shot Misses the Net.
11:05 of 3rd period - Wrist shot by David Hale.
11:05 of 3rd period - Shot Blocked by Scott Niedermayer.
11:25 of 3rd period - Slapshot by Scott Niedermayer.
11:25 of 3rd period - Stopped by Pascal Leclaire without a rebound.
11:26 of 3rd period - Erik Christensen wins face-off versus Milan Hejduk in Sharks zone.
11:39 of 3rd period - Craig Rivet is hit by Ryan Malone and loses puck.
11:52 of 3rd period - Jiri Hudler is hit by David Hale and loses puck.
11:59 of 3rd period - Snap shot by Radim Vrbata.
11:59 of 3rd period - Stopped by Carey Price without a rebound.
12:00 of 3rd period - Henrik Sedin wins face-off versus Matt Stajan in Canucks zone.
12:01 of 3rd period - Wrist shot by Daniel Sedin.
12:01 of 3rd period - Shot Blocked by Jonas Hoglund.
12:22 of 3rd period - Icing by Andrei Markov.
12:23 of 3rd period - Henrik Sedin wins face-off versus Jiri Hudler in Sharks zone.
12:57 of 3rd period - Snap shot by Daniel Sedin.
12:57 of 3rd period - Stopped by Carey Price without a rebound.
12:58 of 3rd period - Mikko Koivu wins face-off versus Jiri Hudler in Canucks zone.
12:58 of 3rd period - Mikko Koivu is hit by David Jones.
13:06 of 3rd period - David Jones is hit by Mikko Koivu and loses puck.
13:33 of 3rd period - Snap shot by Henrik Sedin.
13:33 of 3rd period - Shot Misses the Net.
14:37 of 3rd period - Snap shot by Adam Mair.
14:37 of 3rd period - Shot Misses the Net.
14:47 of 3rd period - Slapshot by Scott Niedermayer.
14:47 of 3rd period - Shot Blocked by Mike Komisarek.
14:49 of 3rd period - Wrist shot by Fabian Brunnstrom.
14:49 of 3rd period - Deflect By Georges Laraque.
14:49 of 3rd period - Shot Misses the Net.
14:49 of 3rd period - Puck is out of play.
14:50 of 3rd period - Henrik Sedin wins face-off versus Fabian Brunnstrom in Sharks zone.
14:57 of 3rd period - Snap shot by Henrik Sedin.
14:57 of 3rd period - Stopped by Carey Price with a rebound.
15:05 of 3rd period - Wrist shot by Daniel Sedin.
15:05 of 3rd period - Shot Misses the Net.
15:07 of 3rd period - Slapshot by Henrik Sedin.
15:07 of 3rd period - Stopped by Carey Price without a rebound.
15:08 of 3rd period - Mike Fisher wins face-off versus Erik Christensen in Canucks zone.
15:11 of 3rd period - Snap shot by Radim Vrbata.
15:11 of 3rd period - Shot Misses the Net.
15:13 of 3rd period - Snap shot by Mike Fisher.
15:13 of 3rd period - Goal by Mike Fisher - Canucks : 3 - Sharks : 3.
15:14 of 3rd period - Mike Fisher wins face-off versus Erik Christensen in neutral zone.
15:25 of 3rd period - Backhand shot by Joni Pitkanen.
15:25 of 3rd period - Shot Blocked by Scott Niedermayer.
15:27 of 3rd period - Snap shot by Tomas Fleischmann.
15:27 of 3rd period - Stopped by Carey Price without a rebound.
15:28 of 3rd period - Henrik Sedin wins face-off versus Matt Stajan in Canucks zone.
15:29 of 3rd period - Slapshot by Daniel Sedin.
15:29 of 3rd period - Deflect By Matt Stajan.
15:29 of 3rd period - Stopped by Carey Price without a rebound.
15:30 of 3rd period - Henrik Sedin wins face-off versus Matt Stajan in Canucks zone.
15:35 of 3rd period - Wrist shot by Henrik Sedin.
15:35 of 3rd period - Shot Blocked by Mark Streit.
15:37 of 3rd period - Snap shot by Henrik Sedin.
15:37 of 3rd period - Stopped by Carey Price with a rebound.
15:39 of 3rd period - Wrist shot by Henrik Sedin.
15:39 of 3rd period - Shot Misses the Net.
15:41 of 3rd period - Wrist shot by Daniel Sedin.
15:41 of 3rd period - Shot Blocked by Derian Hatcher.
15:43 of 3rd period - Wrist shot by Joni Pitkanen.
15:43 of 3rd period - Shot Misses the Net.
15:45 of 3rd period - Snap shot by Georges Laraque.
15:45 of 3rd period - Stopped by Carey Price without a rebound.
15:46 of 3rd period - Erik Christensen wins face-off versus Mike Fisher in Canucks zone.
15:46 of 3rd period - Erik Christensen is hit by Tomas Fleischmann.
16:15 of 3rd period - Icing by Dan Girardi.
16:16 of 3rd period - Henrik Sedin wins face-off versus Matt Stajan in Sharks zone.
17:03 of 3rd period - Wrist shot by Henrik Sedin.
17:03 of 3rd period - Stopped by Carey Price without a rebound.
17:04 of 3rd period - Tomas Fleischmann wins face-off versus Erik Christensen in Canucks zone.
17:05 of 3rd period - Wrist shot by Radim Vrbata.
17:05 of 3rd period - Stopped by Carey Price without a rebound.
17:06 of 3rd period - Erik Christensen wins face-off versus Mike Fisher in Canucks zone.
17:55 of 3rd period - Snap shot by Mikko Koivu.
17:55 of 3rd period - Stopped by Carey Price without a rebound.
17:56 of 3rd period - Erik Christensen wins face-off versus Mikko Koivu in Canucks zone.
17:56 of 3rd period - Erik Christensen is hit by Milan Hejduk.
17:57 of 3rd period - Minor Penalty to Milan Hejduk for Interference.
17:58 of 3rd period - Matt Stajan wins face-off versus Henrik Sedin in Sharks zone.
18:03 of 3rd period - Snap shot by Matt Stajan.
18:03 of 3rd period - Stopped by Pascal Leclaire with a rebound.
18:05 of 3rd period - Snap shot by Jonas Hoglund.
18:05 of 3rd period - Shot Blocked by Andrei Markov.
18:07 of 3rd period - Slapshot by Mark Streit.
18:07 of 3rd period - Shot Misses the Net.
18:09 of 3rd period - Wrist shot by Scott Niedermayer.
18:09 of 3rd period - Shot Misses the Net.
18:11 of 3rd period - Slapshot by Scott Niedermayer.
18:11 of 3rd period - Deflect By Fabian Brunnstrom.
18:11 of 3rd period - Stopped by Pascal Leclaire with a rebound.
18:33 of 3rd period - Wrist shot by Jiri Hudler.
18:33 of 3rd period - Shot Blocked by Andrei Markov.
19:48 of 3rd period - Adam Mair is hit by Keith Tkachuk and loses puck.
19:57 of 3rd period - Penalty to Milan Hejduk is over, Milan Hejduk is back on ice.

Overtime #1


0:01 of 1st overtime period - Henrik Sedin wins face-off versus Jonas Hoglund in neutral zone.
0:09 of 1st overtime period - Minor Penalty to Henrik Sedin for Holding.
0:10 of 1st overtime period - Bates Battaglia wins face-off versus Jonas Hoglund in Sharks zone.
0:25 of 1st overtime period - Snap shot by Fabian Brunnstrom.
0:25 of 1st overtime period - Shot Misses the Net.
1:32 of 1st overtime period - Joni Pitkanen is hit by Rickard Wallin and loses puck.
1:41 of 1st overtime period - Slapshot by Rickard Wallin.
1:41 of 1st overtime period - Stopped by Pascal Leclaire without a rebound.
1:42 of 1st overtime period - Bates Battaglia wins face-off versus Jonas Hoglund in Sharks zone.
1:59 of 1st overtime period - Jiri Hudler is hit by Dan Girardi.
2:05 of 1st overtime period - Mike Komisarek is hit by Jiri Hudler and loses puck.
2:09 of 1st overtime period - Penalty to Henrik Sedin is over, Henrik Sedin is back on ice.
2:49 of 1st overtime period - Minor Penalty to Derian Hatcher for Hooking.
2:50 of 1st overtime period - Jonas Hoglund wins face-off versus Henrik Sedin in Canucks zone.
2:59 of 1st overtime period - Jonas Hoglund is hit by Daniel Sedin.
3:25 of 1st overtime period - Wrist shot by Milan Hejduk.
3:25 of 1st overtime period - Shot Misses the Net.
3:27 of 1st overtime period - Snap shot by Georges Laraque.
3:27 of 1st overtime period - Shot Misses the Net.
3:29 of 1st overtime period - Snap shot by Dan Girardi.
3:29 of 1st overtime period - Stopped by Carey Price with a rebound.
3:31 of 1st overtime period - Wrist shot by Milan Hejduk.
3:31 of 1st overtime period - Shot Misses the Net.
4:49 of 1st overtime period - Penalty to Derian Hatcher is over, Derian Hatcher is back on ice.

ShootOut


5:00 of 1st overtime period - Penalty Shot by Jonas Hoglund for Canucks.
5:00 of 1st overtime period - Deke by Jonas Hoglund.
5:00 of 1st overtime period - Goal by Jonas Hoglund.
5:00 of 1st overtime period - Penalty Shot by Henrik Sedin for Sharks.
5:00 of 1st overtime period - Deke by Henrik Sedin.
5:00 of 1st overtime period - Stopped by Carey Price.
5:00 of 1st overtime period - Penalty Shot by Keith Tkachuk for Canucks.
5:00 of 1st overtime period - Backhand shot by Keith Tkachuk.
5:00 of 1st overtime period - Stopped by Pascal Leclaire.
5:00 of 1st overtime period - Penalty Shot by Daniel Sedin for Sharks.
5:00 of 1st overtime period - Backhand shot by Daniel Sedin.
5:00 of 1st overtime period - Stopped by Carey Price.
5:00 of 1st overtime period - Penalty Shot by Matt Stajan for Canucks.
5:00 of 1st overtime period - Snap shot by Matt Stajan.
5:00 of 1st overtime period - Goal by Matt Stajan.


Output by the SimonT Hockey Simulator (STHS) for François Prévost -- Original Page W3C XHTML 1.0 Valid
Hockey Simulator - Hockey Simulation - Hockey Manager